 Dungeon Crawl Stone Soup version 0.16.1 (webtiles) character file.

282 Palladion the Gusty (level 6, -4/32 HPs)
             Began as a Tengu Air Elementalist on Mar 23, 2015.
             Killed by nerve-wracking pain
             ... invoked by Akrius' ghost
              (9 damage)
             ... on level 4 of the Dungeon.
             The game lasted 00:10:32 (3316 turns).

Palladion the Gusty (Tengu Air Elementalist)        Turns: 3316, Time: 00:10:33

Health: -4/32      AC:  3    Str:  8    XL:     6   Next: 28%
Magic:  10/15      EV: 12    Int: 17    God:
Gold:   150        SH:  0    Dex: 12    Spells: 1 memorised, 11 levels left

rFire  . . .     SeeInvis .     B - +0 hand crossbow
rCold  . . .     Clarity  .     q - +1 animal skin
rNeg   . . .     SustAb   .     (no shield)
rPois  +         Gourm    .     (helmet restricted)
rElec  .         Spirit   .     (no cloak)
rCorr  .         Warding  .     (no gloves)
rMut   .         Stasis   .     (boots unavailable)
MR     .....                    (no amulet)
Stlth  ++........               t - ring of poison resistance
                                y - -3 ring of dexterity (curse)

@: not resistant to hostile enchantments, unstealthy
A: able to fly, beak, talons 3
a: Fly


You were on level 4 of the Dungeon.
You were hungry.

You visited 1 branch of the dungeon, and saw 4 of its levels.

You collected 150 gold pieces.

Inventory:

Hand weapons
 B - a +0 hand crossbow (weapon)
Missiles
 C - 27 bolts (quivered)
Armour
 q - a +1 animal skin (worn)
Jewellery
 d - an uncursed ring of wizardry
 r - an uncursed amulet of stasis
 t - a ring of poison resistance (right hand)
 y - a cursed -3 ring of dexterity (left hand)
Scrolls
 e - 4 scrolls of identify {unknown}
 h - 2 scrolls of fear {unknown}
 i - 2 scrolls of amnesia {unknown}
 m - 3 scrolls of remove curse {unknown}
 o - a scroll of noise {unknown}
 s - 2 scrolls of recharging {unknown}
 v - a scroll of random uselessness {unknown}
 x - a scroll of blinking {unknown}
Potions
 a - 2 potions of agility {unknown}
 f - a potion of restore abilities {unknown}
 g - 2 potions of might
 k - 2 potions of curing
 l - 3 potions of heal wounds {unknown}
 p - 2 potions of mutation {unknown}
 u - 2 potions of lignification {unknown}
 w - 2 potions of resistance {unknown}
Books
 b - a book of Air

   Spells                             Type                      Level
   a - Shock                          Conjuration/Air              1
   b - Swiftness                      Charms/Air                   2
   c - Repel Missiles                 Charms/Air                   2
   d - Flight                         Charms/Air                   3
   e - Static Discharge               Conjuration/Air              3
   f - Lightning Bolt                 Conjuration/Air              5
Comestibles
 c - 3 bread rations
 j - 3 meat rations
 n - 5 fruits
 z - 2 beef jerkies
 A - a chunk of flesh


   Skills:
 - Level 2.1 Dodging
 - Level 2.0 Stealth
 + Level 3.6 Spellcasting
 + Level 5.1 Conjurations
 + Level 5.8 Air Magic


You had 11 spell levels left.
You knew the following spells:

 Your Spells              Type           Power        Failure   Level  Hunger
a - Shock                 Conj/Air       ###.         1%          1    None


Dungeon Overview and Level Annotations

Branches:
Dungeon (4/15)
 Temple: D:4-7

Altars:
Ashenzari
Xom

Annotations:
D:4 Akrius' ghost, average DsNe


Innate Abilities, Weirdness & Mutations

You can fly.
You have a beak for a mouth.
You have claws for feet.


Message History

Akrius' ghost is heavily damaged.
Casting: Shock
Confirm with . or Enter, or press ? or * to list all spells.
Aiming: Shock
Press: ? - help, Shift-Dir - straight line, f/p - Akrius' ghost
Aim: Akrius' ghost, wielding a vorpal weapon (heavily damaged)
The zap hits Akrius' ghost.
Akrius' ghost is severely damaged.
Firing (i - inventory):
C - 28 bolts (quivered)
Press: ? - help, Shift-Dir - straight line, f/p - Akrius' ghost
Aim: Akrius' ghost, wielding a vorpal weapon (severely damaged)
You shoot a bolt.
The bolt hits Akrius' ghost but does no damage.
Akrius' ghost is severely damaged.
Akrius' ghost hits you!
* * * LOW HITPOINT WARNING * * *
x2 Unknown command.
Akrius' ghost gestures at you while chanting.
Pain shoots through your body!
You die...

...........................####..
...........................# ##.
...........#####...........####..
#.........## ###...........#...
##..#.....# #........#.....#
...####...## ##.......####...#
...## ##...## #.......## ##.##
....# ##...## ##.W(...## #..#
.#..# ##...###@.....## #... ##..#
##...#......## ##... #..#
##........## #..## #..#
##.......# ##..## ##.# ##......#
###..### ##.....# ###....# #
#....#####......# #
###....##.....###..##
##...#.......### #..##


You could see Akrius' ghost.

Vanquished Creatures
  An orc priest (D:3)
  An orc wizard (D:3)
  An iguana (D:4)
  2 worker ants (D:4)
  A hound skeleton (D:4)
  Robin (D:2)
  3 adders (D:2)
  A worm (D:2)
  An ooze (D:1)
  12 orcs
  A ball python (D:2)
  10 bats
  13 goblins
  13 hobgoblins
  8 kobolds
  A quokka (D:2)
  3 giant cockroaches
  4 giant newts
  9 rats
86 creatures vanquished.

Notes
Turn   | Place    | Note
--------------------------------------------------------------
     0 | D:1      | Palladion, the Tengu Air Elementalist, began the quest for the Orb.
     0 | D:1      | Reached XP level 1. HP: 10/10 MP: 3/3
   347 | D:1      | Reached XP level 2. HP: 4/15 MP: 0/5
  1065 | D:1      | Reached XP level 3. HP: 19/19 MP: 2/7
  1638 | D:2      | Reached XP level 4. HP: 24/24 MP: 3/9
  1684 | D:2      | Noticed Robin
  1705 | D:2      | Killed Robin
  1796 | D:2      | Reached skill level 5 in Air Magic
  2358 | D:3      | Found a shimmering altar of Xom.
  2602 | D:3      | Reached XP level 5. HP: 24/28 MP: 10/13
  3072 | D:4      | Found a shattered altar of Ashenzari.
  3185 | D:4      | Reached skill level 5 in Conjurations
  3185 | D:4      | Reached XP level 6. HP: 32/32 MP: 10/15
  3307 | D:4      | Noticed Akrius' ghost (average DsNe)
  3316 | D:4      | Killed from afar by Akrius' ghost

Action                   |  1- 3 |  4- 6 || total
-------------------------+-------+-------++-------
Melee: Unarmed           |     6 |    12 ||    18
 Fire: Hand crossbow     |       |     1 ||     1
 Cast: Shock             |    73 |   110 ||   183
  Use: Potion            |       |     2 ||     2
  Eat: Chunk             |     3 |     5 ||     8
